 Dungeon Crawl Stone Soup version 0.29-a0-378-gc08b2e8bf8 (webtiles) character file.

Game seed: 8263559655623680613

23 lesaewzxc the Firebug (level 2, 0/22 HPs)
             Began as a Draconian Fire Elementalist on May 4, 2022.
             Slain by a jackal (2 damage)
             ... on level 2 of the Dungeon.
             The game lasted 00:05:44 (640 turns).

lesaewzxc the Firebug (Draconian Fire Elementalist)  Turns: 640, Time: 00:05:45

Health: 0/22       AC:  4    Str: 10    XL:     2   Next: 72%
Magic:  1/5        EV: 12    Int: 15    God:
Gold:   36         SH:  0    Dex: 11    Spells: 2/5 levels left

rFire   + . .      SeeInvis .   c - +0 dagger
rCold   x . .      Faith    .   (no shield)
rNeg    . . .      Spirit   .   (body armour unavailable)
rPois   .          Reflect  .   (helmet restricted)
rElec   .          Harm     .   (no cloak)
rCorr   .          Rampage  .   (no gloves)
Will    .....                   (no boots)
Stlth   ++........              (no amulet)
HPRegen 0.07/turn               e - ring of fire
MPRegen 0.09/turn               (no ring)

@: no status effects
A: AC +4, unfitting armour, cold-blooded
a: no special abilities


You were on level 2 of the Dungeon.
You visited 1 branch of the dungeon, and saw 2 of its levels.

You collected 36 gold pieces.

Inventory:

Hand Weapons
 c - a +0 dagger (weapon)
Jewellery
 e - a ring of fire (left hand)
Scrolls
 b - a scroll of enchant weapon {unknown}
 d - a scroll of identify {unknown}
 g - a scroll of amnesia {unknown}
Potions
 f - 2 potions of heal wounds {unknown}


   Skills:
 + Level 0.5 Fighting
 + Level 0.3 Short Blades
 * Level 0.8 Bows
 + Level 1.9 Dodging
 + Level 1.9 Stealth
 + Level 2.1 Spellcasting
 + Level 1.2 Conjurations
 + Level 3.1 Fire Magic


You had 2 spell levels left.
You knew the following spells:

 Your Spells              Type           Power      Damage    Failure   Level
a - Foxfire               Conj/Fire      48%        2x1d6     9%          1
b - Scorch                Fire           32%        2d7       9%          2

Your spell library contained the following spells:

 Spells                   Type           Power      Damage    Failure   Level
 Pain                     Necr           4%         1d4       22%         1
 Conjure Flame            Conj/Fire      12%        6-21      26%         3
 Inner Flame              Hex/Fire       9%         N/A       34%         3
 Flame Wave               Conj/Fire      12%        2d6       65%         4
 Agony                    Necr           1%         N/A       99%         5
 Excruciating Wounds      Necr           0%         N/A       99%         5


Dungeon Overview and Level Annotations

Branches:
Dungeon (2/15)

Altars:


Innate Abilities, Weirdness & Mutations

Your plain brown scales are hard. (AC +4)
You cannot fit into any form of body armour.
You are cold-blooded and may be slowed by cold attacks.


Message History

Look: a jackal (moderately wounded)
You feel a surge of power!
Flames lash the jackal.
The jackal is almost dead.
The jackal's fire resistance burns away.
The jackal closely misses you. x3
Casting: Scorch (safe; 9% risk of failure)
Press: ? - help, Q - select action, (/) - cycle Dir - look around, f - activate Look: a jackal You feel a surge of power!
Flames lash the jackal.
You kill the jackal!
The jackal closely misses you. The jackal bites you.
* * * LOW HITPOINT WARNING * * *
The jackal bites you but does no damage.
You don't have enough magic to cast this spell.
Unknown command.
You don't have enough magic to cast this spell.
You hit the jackal.
The jackal is moderately wounded.
The jackal misses you. The jackal closely misses you.
The jackal bites you but does no damage.
You closely miss the jackal.
The jackal is moderately wounded.
The jackal bites you but does no damage.
The jackal bites you.
* * * LOW HITPOINT WARNING * * *
You hit the jackal but do no damage.
The jackal is almost dead.
The jackal is no longer more vulnerable to fire.
The jackal barely misses you. The jackal bites you.
* * * LOW HITPOINT WARNING * * *
The jackal barely misses you. The jackal misses you.
You don't have enough magic to cast this spell.
You hit the jackal but do no damage.
Your tail-slap misses the jackal.
The jackal is almost dead.
The jackal barely misses you.
The jackal bites you but does no damage.
You closely miss the jackal.
The jackal is almost dead.
The jackal barely misses you. The jackal bites you.
You die...

..............#
..............####.....
.......................
.......†......# #.....
..##..........## .....
...............##...
...##.#.........#.#
.###..#...#..†....#
#..##...#....†@.####
#.# #...##...#hh...# ..
..............#...#
#.##..#............
#....#..........
#.#..[..........
................
..####.........
##........


You could see 2 jackals.

Vanquished Creatures
  A ball python (D:1)
  2 endoplasms (D:1)
  2 giant cockroaches
  3 goblins
  A hobgoblin (D:1)
  2 jackals (D:2)
  A quokka (D:1)
  A bat (D:1)
  A frilled lizard (D:1)
  3 kobolds (D:1)
  3 rats (D:2)
20 creatures vanquished.

Vanquished Creatures (others)
  2 foxfires (D:2)
2 creatures vanquished.

Grand Total: 22 creatures vanquished

Notes
Turn   | Place    | Note
-------+----------+-------------------------------------------
     0 | D:1      | lesaewzxc the Draconian Fire Elementalist began the quest
                  | for the Orb.
     0 | D:1      | Reached XP level 1. HP: 14/14 MP: 3/3
   157 | D:1      | Reached XP level 2. HP: 9/22 MP: 5/5
   526 | D:1      | Learned a level 2 spell: Scorch
   640 | D:2      | Slain by a jackal

Illustrated notes

Levels and vault maps discovered:
D:1:      dpeg_arrival_boxorama, layout_loops_ring, basic_ecumenical_altar,
          hangedman_decor_points, serial_park_tiny_1,
          chequers_serial_rivers_small_b, minmay_stone_trees_small, minivault_24
D:2:      layout_rooms, guppyfry_early_orc_mine

Action                   || total
-------------------------++-------
Melee: Dagger            ||    76
       Tailslap          ||    10
       Unarmed           ||     4
       Punch             ||     2
 Cast: Scorch            ||     3
       Foxfire           ||     1
  Use: Potion            ||     1
 Stab: Sleeping          ||     3
Armor: Skin              ||    32
Dodge: Dodged            ||    76

Table legend: (Time is in decaauts)
 A = Elapsed time spent in this place.
 B = Non-inter-level travel time spent in this place.
 C = Inter-level travel time spent in this place.
 D = Time resting spent in this place.
 E = Time spent auto-exploring this place.
 F = Levels seen in this place.
 G = Mean time per level.
                   A        B        C        D        E       F      G
               +--------+--------+--------+--------+--------+-----+--------+
         Total |    641 |    565 |     76 |      0 |      0 |   2 |  320.5 |
       Dungeon |    641 |    565 |     76 |      0 |      0 |   2 |  320.5 |
               +--------+--------+--------+--------+--------+-----+--------+

Top non-repeatable levels by time:
     D:1: 548 daAuts
     D:2: 92 daAuts
